 Dungeon Crawl Stone Soup version 0.18.1-50-g88ac8fd (webtiles) character file.

85 Gargoyl the Skirmisher (level 4, 0/37 HPs)
             Began as a Demonspawn Abyssal Knight on Sept 22, 2016.
             Was a Believer of Lugonu.
             Succumbed to a kobold's poison
             ... on level 2 of the Dungeon.
             The game lasted 00:03:18 (1462 turns).

Gargoyl the Skirmisher (Demonspawn Abyssal Knight)  Turns: 1462, Time: 00:03:19

Health: 0/37       AC: 11    Str: 11 (14) XL:     4   Next: 25%
Magic:  5/5        EV:  1    Int: 10 (13) God:    Lugonu [**....]
Gold:   63         SH:  2    Dex:  9 (12) Spells: 0 memorised, 3 levels left

rFire  . . .     SeeInvis .     a - +1 hand axe
rCold  . . .     Gourm    .     e - +0 plate armour
rNeg   . . .     Faith    .     m - +0 buckler
rPois  .         Spirit   .     (helmet restricted)
rElec  .         Dismiss  .     (no cloak)
rCorr  .         Reflect  .     (no gloves)
SustAt .         Harm     .     (no boots)
MR     .....                    b - amulet of rage
Stlth  ..........               (no ring)
                                (no ring)

@: lethally poisoned (0 -> -21), not resistant to hostile enchantments,
extremely unstealthy
A: antennae 1, low mp 1
a: Depart the Abyss, Bend Space, Renounce Religion, Evoke Berserk Rage


You were on level 2 of the Dungeon.
You worshipped Lugonu.
Lugonu was pleased with you.
You were not hungry.

You visited 1 branch of the dungeon, and saw 2 of its levels.
You visited the Abyss 1 time.

You collected 63 gold pieces.

Inventory:

Hand Weapons
 a - a +1 hand axe (weapon)
Armour
 e - a +0 plate armour (worn)
 m - a +0 buckler (worn)
Jewellery
 b - an amulet of rage (around neck)
 h - a cursed ring of loudness {unknown}
Scrolls
 d - 2 scrolls of blinking
 k - 3 scrolls of noise {unknown}
 l - a scroll of remove curse
Comestibles
 c - a bread ration
 g - 3 meat rations


   Skills:
 + Level 3.7 Fighting
 + Level 2.2 Axes
 * Level 2.8 Armour
 + Level 0.8 Dodging
 * Level 3.3 Invocations


You had 3 spell levels left.
You didn't know any spells.

Dungeon Overview and Level Annotations

Branches:
Dungeon (2/15)

Altars:


Innate Abilities, Weirdness & Mutations

You have a pair of small antennae on your head.
Your magical capacity is low (-10% MP).


Message History

You completely miss the kobold. The kobold hits you but does no damage.
You are poisoned.
You hit the kobold.
The kobold is moderately wounded.
* * * LOW HITPOINT WARNING * * *
You feel sick.
The kobold hits you with a dagger of venom.
* * * LOW HITPOINT WARNING * * *
You are more poisoned.
The kobold hits you but does no damage.
You are more poisoned.
Drink which item? (? for menu, Esc to quit)
It was a potion of degeneration.
There was something very wrong with that liquid.
You feel weakened.
You feel dopey.
You feel clumsy.
* * * LOW HITPOINT WARNING * * *
You feel sick. The kobold hits you but does no damage.
You are more poisoned.
You fail to use your ability.
You die...

#. #..# .. # #..# ##
###S# .# #..# .. ..#
#.# #..# #. #.###..
##.# #..
#.#!#.#####.#
#..#####..##.......#
##.....(....#######.#
#...K@(((.(.........#
#...######..#########
#.. #..# ... #..# ..#
#... . ...## ##..#
#..#


You could see a kobold.

Vanquished Creatures
  3 adders (D:2)
  A worm (D:2)
  2 dart slugs (D:1)
  2 giant geckos (D:1)
  4 giant cockroaches
  5 goblins
  5 hobgoblins (D:1)
  2 jackals (D:1)
  A ball python (D:2)
  7 bats
  2 giant newts
  9 kobolds
  7 rats
50 creatures vanquished.

Notes
Turn   | Place    | Note
--------------------------------------------------------------
     0 | Abyss:1  | Gargoyl the Demonspawn Abyssal Knight began the quest for the Orb.
     0 | Abyss:1  | Reached XP level 1. HP: 18/18 MP: 2/2
    23 | Abyss:2  | Found a corrupted altar of Lugonu.
    76 | Abyss:2  | Noticed a neqoxec
    76 | Abyss:2  | Gained mutation: Your magical capacity is low (-10% MP). [a neqoxec]
    77 | D:1      | Escaped the Abyss
   113 | D:1      | Reached * piety under Lugonu
   179 | D:1      | Gained mutation: You have a pair of small antennae on your head. [demonic ancestry]
   179 | D:1      | Reached XP level 2. HP: 20/24 MP: 3/3
   541 | D:1      | Reached XP level 3. HP: 29/29 MP: 4/4
   572 | D:1      | Reached ** piety under Lugonu
  1382 | D:2      | Reached XP level 4. HP: 18/36 MP: 5/5
  1462 | D:2      | Succumbed to a kobold's poison

Skill      XL: |  1  2  3 |
---------------+----------+-----
Axes           | 2 |  2.2
Armour         | 2 |  2.8
Invocations    | 3 |  3.3
Fighting       | |  3.7
Dodging        | |  0.8

Action                   |  1- 3 |  4- 6 || total
-------------------------+-------+-------++-------
Melee: Hand axe          |   169 |     9 ||   178
Invok: Depart the Abyss  |     1 |       ||     1
 Abil: Evoke Berserk Rag |       |     1 ||     1
  Use: Potion            |     2 |     1 ||     3
       Scroll            |     2 |       ||     2
  Eat: Chunk             |     1 |     2 ||     3
Armor: Plate armour      |   200 |     8 ||   208
Dodge: Dodged            |    44 |     1 ||    45
Block: Buckler           |     3 |     2 ||     5
